 Dungeon Crawl Stone Soup version 0.28.0-45-g0d030f2227 (webtiles) character file.

Game seed: 15339709557022862656

478 101zpm the Magician (level 7, -1/47 HPs)
             Began as a Djinni Ice Elementalist on Apr 14, 2022.
             Slain by a wyvern skeleton (12 damage)
             ... on level 5 of the Dungeon.
             The game lasted 00:18:07 (6411 turns).

101zpm the Magician (Djinni Ice Elementalist)       Turns: 6411, Time: 00:18:08

Health: -1/47      AC: 10    Str:  7    XL:     7   Next: 33%
Gold:   173        EV: 12    Int: 18    God:
                   SH:  0    Dex: 14

rFire   + + .      SeeInvis +   o - +6 spear "Emochu" {venom, *Corrode rElec rC+++ SInv}
rCold   + + .      Faith    .   (no shield)
rNeg    . . .      Spirit   .   a - +0 robe
rPois   ∞          Reflect  .   m - +1 helmet
rElec   +          Harm     .   (no cloak)
rCorr   .          Rampage  .   (no gloves)
Will    .....                   (boots unavailable)
Stlth   ++........              (no amulet)
HPRegen 0.15/turn               (no ring)
MPRegen 0.00/turn               (no ring)

@: ice-armoured, freezing walls, flying
A: sickness immunity, fire resistance 2, cold vulnerability 1, float, innate
caster, HP casting, extra vitality 1
a: no special abilities


You were on level 5 of the Dungeon.
You visited 1 branch of the dungeon, and saw 5 of its levels.

You collected 173 gold pieces.

Inventory:

Hand Weapons
 n - a +0 short sword
 o - the +6 spear "Emochu" (weapon) {venom, *Corrode rElec rC+++ SInv}
   (You found it on level 3 of the Dungeon)

   It poisons the flesh of those it strikes.
   rC:        It renders you almost immune to cold.
   rElec:     It insulates you from electricity.
   SInv:      It lets you see invisible.
   *Corrode:  It may corrode you when you take damage.
Missiles
 e - 107 arrows
 f - 27 bolts
 h - 123 stones
Armour
 a - a +0 robe (worn)
 m - a +1 helmet (worn)
Jewellery
 w - a ring of willpower
 y - a ring of protection from fire
Wands
 x - a wand of acid (11)
Scrolls
 b - 2 scrolls of brand weapon {unknown}
 c - 2 scrolls of teleportation {unknown}
 d - a scroll of magic mapping {unknown}
 i - a scroll of immolation {unknown}
 l - a scroll of holy word {unknown}
 p - a scroll of vulnerability {unknown}
 r - a scroll of blinking {unknown}
 s - a scroll of amnesia {unknown}
 v - a scroll of identify {unknown}
Potions
 g - a potion of haste {unknown}
 j - a potion of magic {unknown}
 k - a potion of cancellation {unknown}
 q - 2 potions of might {unknown}
 t - a potion of attraction {unknown}
 u - a potion of ambrosia {unknown}
 z - a potion of degeneration {unknown}


   Skills:
 + Level 1.0 Fighting
 + Level 1.8 Polearms
 + Level 2.7 Dodging
 + Level 2.9 Stealth
 + Level 5.5 Spellcasting


You couldn't memorise any spells.
You knew the following spells:

 Your Spells              Type           Power      Damage    Failure   Level
a - Freeze                Ice            96%        1d11      1%          1
b - Frozen Ramparts       Ice            48%        1d6       3%          3
c - Ozocubu's Armour      Ice            24%        N/A       3%          3
d - Hailstorm             Conj/Ice       24%        3d7       13%         4
e - Shock                 Conj/Air       96%        1d9       1%          1
f - Searing Ray           Conj           48%        2d6       1%          2
g - Vampiric Draining     Necr           24%        2d7       3%          3
Your spell library was empty.

Dungeon Overview and Level Annotations

Branches:
Dungeon (5/15)
 Temple: D:4-7

Altars:
Nemelex Xobeh


Innate Abilities, Weirdness & Mutations

You are immune to sickness and miasma.
You are immune to poison.
Your flesh is very heat resistant. (rF++)
You are vulnerable to cold. (rC-)
You float through the air rather than walking.
You learn spells naturally, not from books.
Your magical power is your life essence.
You have superior vitality. (+4 MHP)


Message History

Confirm with . or Enter, or press ? or * to list all spells.
Aiming: Shock (safe; 1% risk of failure)
Press: ? - help, Shift-Dir - straight line, f/p - wyvern skeleton
Aim: a wyvern skeleton (moderately damaged, 98% to hit)
The zap hits the wyvern skeleton.
The wyvern skeleton is moderately damaged.
Casting: Shock (safe; 1% risk of failure)
Confirm with . or Enter, or press ? or * to list all spells.
Aiming: Shock (safe; 1% risk of failure)
Press: ? - help, Shift-Dir - straight line, f/p - wyvern skeleton
Aim: a wyvern skeleton (moderately damaged, 98% to hit)
The zap hits the wyvern skeleton.
The wyvern skeleton is heavily damaged.
Casting: Shock (safe; 1% risk of failure)
Confirm with . or Enter, or press ? or * to list all spells.
Casting: Frozen Ramparts (dangerous; 3% risk of failure)
Press: ? - help, Dir - look around, f - activate The walls around you are covered in ice.
The wyvern skeleton completely resists.
The wall freezes the wyvern skeleton but does no damage.
The wyvern skeleton bites you!
* * * LOW HITPOINT WARNING * * *
Unknown command.
Casting: Frozen Ramparts (dangerous; 3% risk of failure)
Confirm with . or Enter, or press ? or * to list all spells.
You can't see any susceptible monsters within range! (Use Z to cast anyway.)
Casting: Frozen Ramparts (dangerous; 3% risk of failure)
Confirm with . or Enter, or press ? or * to list all spells.
Aiming: Shock (safe; 1% risk of failure)
Press: ? - help, Shift-Dir - straight line, f - wyvern skeleton
Aim: a wyvern skeleton (heavily damaged, 98% to hit)
Okay, then.
Casting: Shock (safe; 1% risk of failure)
Confirm with . or Enter, or press ? or * to list all spells.
A film of ice covers your body!
* * * LOW HITPOINT WARNING * * *
The wyvern skeleton completely resists.
The wall freezes the wyvern skeleton but does no damage.
The wyvern skeleton bites you!
You die...

###....##.......#.#.# Z
#.....########...#.# o. #.
#...#.......##.###.#
.o.###
#.#####...#.......##.....#
..o.<#
[.........#.......########
##.###
##........#.......########
+.
+.....[..+.............>.
#
#.......÷#.......########
#......Z@........#
#......###...#####
#......#.#...#
#....###.###.############
##+..'.....#............#
#.#.###.###.##########.#
#.#...#.#...# #.#
#.#...###...# #..
#.#.........# ##.


You could see a wyvern skeleton.

Vanquished Creatures
  2 scorpions
  A water moccasin skeleton (D:4)
  A jelly (D:4)
  3 hounds
  A centaur skeleton (D:5)
  A hound skeleton (D:4)
  2 adders (D:4)
  A white imp (D:5)
  An ufetubus (D:4)
  An adder skeleton (D:4)
  4 worms
  4 dart slugs
  4 orcs
  7 ball pythons
  12 bats
  9 endoplasms
  4 giant cockroaches (D:1)
  4 goblins
  7 hobgoblins
  6 jackals (D:1)
  11 kobolds
  5 quokkas
  6 rats
97 creatures vanquished.

Notes
Turn   | Place    | Note
-------+----------+-------------------------------------------
     0 | D:1      | 101zpm the Djinni Ice Elementalist began the quest for the
                  | Orb.
     0 | D:1      | Reached XP level 1. HP: 15/15 MP: 0/0
   209 | D:1      | Reached XP level 2. HP: 17/21 MP: 0/0
  1034 | D:1      | Reached XP level 3. HP: 15/25 MP: 0/0
  1034 | D:1      | Learned a level 1 spell: Shock
  1350 | D:1      | Reached skill level 4 in Spellcasting
  2375 | D:1      | Reached XP level 4. HP: 18/31 MP: 0/0
  2894 | D:2      | Found a faded altar of an unknown god.
  3671 | D:3      | Noticed a scorpion
  3678 | D:3      | Killed a scorpion
  3679 | D:3      | Reached XP level 5. HP: 26/35 MP: 0/0
  3679 | D:3      | Learned a level 2 spell: Searing Ray
  3775 | D:3      | Identified the +6 spear "Emochu" {venom, *Corrode rElec
                  | rC+++ SInv}
  4073 | D:3      | Found a sparkling altar of Nemelex Xobeh.
  4265 | D:3      | Reached skill level 5 in Spellcasting
  4510 | D:4      | Reached skill level 1 in Polearms
  4510 | D:4      | Reached XP level 6. HP: 13/41 MP: 0/0
  4516 | D:5      | Entered Level 5 of the Dungeon
  5546 | D:4      | Reached XP level 7. HP: 36/46 MP: 0/0
  5546 | D:4      | Learned a level 3 spell: Vampiric Draining
  6398 | D:5      | Reached skill level 1 in Fighting
  6411 | D:5      | Slain by a wyvern skeleton

Illustrated notes

Levels and vault maps discovered:
D:1:      mrwooster_arrival_statue_3, layout_basic
D:2:      layout_loops_corners, shapermc_ecumenical_altar_mp_urbaneastern,
          minmay_tree_intersection, minmay_pentomino_x2
D:3:      layout_loops_cross, nemelex_spade_bored_becter
D:4:      layout_basic
D:5:      layout_basic, cheibrodos_sewer_entry_bend, gammafunk_ghost_mausoleum,
          nicolae_ossuary_entry_plus

Skill      XL: |  1  2  3  4  5  6  7 |
---------------+----------------------+-----
Spellcasting   | 4 5 |  5.5
Stealth        | 2 |  2.9
Polearms       | 1 |  1.8
Fighting       | 1 |  1.0
Dodging        | |  2.7

Action                   |  1- 3 |  4- 6 |  7- 9 || total
-------------------------+-------+-------+-------++-------
Melee: Unarmed           |     2 |       |       ||     2
       Spear             |       |    60 |       ||    60
 Cast: Freeze            |    34 |     7 |       ||    41
       Frozen Ramparts   |    14 |     7 |     5 ||    26
       Shock             |    12 |    60 |    32 ||   104
       Ozocubu's Armour  |     1 |     4 |     1 ||     6
 Stab: Sleeping          |       |     8 |       ||     8
Armor: Robe              |     8 |    23 |     5 ||    36
Dodge: Dodged            |    27 |    25 |     5 ||    57
